 Dungeon Crawl Stone Soup version 0.21-a0-170-g0398fc9 (webtiles) character file.

8327 4thArraOfDagon the Cleaver (level 11, -7/115 HPs)
             Began as a Human Berserker on Aug 6, 2017.
             Was a Believer of Trog.
             Mangled by a phantasmal warrior (27 damage)
             ... led by a death knight
             ... on level 10 of the Dungeon.
             The game lasted 00:13:47 (2618 turns).

4thArraOfDagon the Cleaver (Human Berserker)        Turns: 2618, Time: 00:13:48

Health: -7/115     AC: 19    Str: 27    XL:     11   Next: 53%
Magic:  16/16      EV: 10    Int:  8    God:    Trog [**....]
Gold:   281        SH:  0    Dex: 10    Spells: 10/10 levels left

rFire    + . .     SeeInvis .   y - +2 hand axe (venom)
rCold    . . .     Gourm    .   (no shield)
rNeg     . . .     Faith    .   u - +0 plate armour
rPois    .         Spirit   .   v - +0 helmet (curse)
rElec    .         Reflect  .   (no cloak)
rCorr    .         Harm     .   q - +0 pair of gloves
MR       +....                  E - +2 pair of boots
Stlth    ..........             (no amulet)
HPRegen  1.29/turn              h - -3 ring of dexterity (curse)
MPRegen  0.15/turn              j - ring of protection from fire

@: berserking, vulnerable, regenerating, very quick
A: strong 1
a: Berserk, Trog's Hand, Burn Spellbooks, Renounce Religion


You were on level 10 of the Dungeon.
You worshipped Trog.
Trog was pleased with you.
You were very hungry.

You visited 1 branch of the dungeon, and saw 14 of its levels.

You collected 281 gold pieces.

Inventory:

Hand Weapons
 a - a +0 hand axe
 y - a +2 hand axe of venom (weapon)
Armour
 b - a +0 animal skin
 e - a +0 scale mail
 p - a +0 pair of boots
 q - a +0 pair of gloves (worn)
 u - a +0 plate armour (worn)
 v - a cursed +0 helmet (worn)
 E - a +2 pair of boots (worn)
Jewellery
 h - a cursed -3 ring of dexterity (left hand)
 j - a ring of protection from fire (right hand)
Wands
 g - a wand of scattershot (0/9)
 m - a wand of acid (0/15)
 r - a wand of confusion (22/48)
 x - a wand of scattershot (0/9)
Scrolls
 f - a scroll of random uselessness {unknown}
 i - 3 scrolls of teleportation {unknown}
 o - 2 scrolls of remove curse {unknown}
 t - a scroll of vulnerability {unknown}
 w - a scroll of noise {unknown}
Potions
 k - 2 potions of degeneration {unknown}
 l - a potion of might
 n - a potion of brilliance {unknown}
 z - 2 potions of lignification {unknown}
 B - a potion of mutation {unknown}
Books
 d - a book of Spatial Translocations

   Spells                             Type                      Level
   a - Blink                          Translocation                2
   b - Shroud of Golubria             Charms/Translocation         2
   c - Lesser Beckoning               Translocation                3
   d - Gell's Gravitas                Translocation                3
   e - Teleport Other                 Translocation                3
   f - Passage of Golubria            Translocation                4
   Trog disapproves of the use of such an item.
 s - a book of Callings

   Spells                             Type                      Level
   a - Summon Small Mammal            Summoning                    1
   b - Call Imp                       Summoning                    2
   c - Call Canine Familiar           Summoning                    3
   d - Summon Guardian Golem          Hexes/Summoning              3
   e - Summon Lightning Spire         Summoning/Air                4
   f - Summon Ice Beast               Ice/Summoning                4
   Trog disapproves of the use of such an item.
Comestibles
 c - 2 bread rations
 A - 2 chunks of flesh
 C - 4 fruits
 D - a meat ration


   Skills:
 - Level 4.0 Fighting
 * Level 11.2 Axes
 + Level 8.1 Armour
 + Level 8.0 Dodging
 - Level 7.0 Evocations


You had 10 spell levels left.
You didn't know any spells.

Dungeon Overview and Level Annotations

Branches:
Dungeon (14/15)
 Temple: D:4-7         Lair: D:8-11         Orc: D:9-12      Vaults: D:13-14

Altars:


Innate Abilities, Weirdness & Mutations

Your muscles are strong. (Str +2)


Message History

You slash the troll!
The troll looks as sick as possible!
The troll is heavily wounded.
You barely miss the death knight.
Your plate armour prevents you from hitting the phantasmal warrior.
The death knight reflects your damage back at you!
The death knight hits you with a battleaxe of freezing!!
* * * LOW HITPOINT WARNING * * *
The death knight freezes you.
* * * LOW HITPOINT WARNING * * *
Unknown command.
Unknown command.
You completely miss the troll.
The troll is heavily wounded.
You hit the phantasmal warrior but do no damage.
You hit the death knight but do no damage.
The death knight looks as sick as possible!
The death knight reflects your damage back at you!
* * * LOW HITPOINT WARNING * * *
The phantasmal warrior hits you!!
You die...

..................#.(...
.................)(.(...
#...............)#.....
+................#.....
#................#.....
+................+.....
#................#.....
#................#####' .
#....T@..........#####. .
........pW...............
.
........................>
.
...........###.....######
.......)...# ...........
...........# ........
...........# #......
..........# #......
#......


You could see a death knight, a phantasmal warrior and a troll.

Vanquished Creatures
  A centaur warrior (D:9)
  An unseen horror (D:14)
  An ugly thing (D:13)
  A manticore (D:12)
  2 centaur zombies (D:13)
  A gargoyle (D:10)
  A centaur skeleton (D:13)
  A freezing wraith (D:10)
  A hornet (D:8)
  A basilisk (D:8)
  6 yaks (D:12)
  A wraith (D:10)
  A wyvern (D:11)
  3 vampire mosquitoes (D:14)
  A porcupine (D:8)
  2 ice beasts
  A black bear (D:8)
  2 orc warriors
  2 eyes of draining
  8 centaurs
  A wolf (D:8)
  2 crocodiles
  A bullfrog (D:6)
  2 scorpions (D:8)
  A wyvern skeleton (D:10)
  4 killer bees (D:10)
  A howler monkey (D:11)
  A wight (D:8)
  A bullfrog zombie (D:8)
  A hound (D:12)
  2 jellies (D:13)
  3 orc priests
  A bullfrog skeleton (D:4)
  6 orc wizards
  2 iguanas
  4 worker ants
  A killer bee zombie (D:9)
  A hound skeleton (D:11)
  3 adders
  A shadow imp (D:10)
  An ooze (D:3)
  A dart slug (D:2)
  2 leopard geckos
  9 orcs
  3 giant cockroaches
  A goblin (D:1)
  4 jackals (D:6)
  A quokka (D:10)
  4 bats
  A frilled lizard (D:1)
  A leopard gecko skeleton (D:5)
  2 quokka skeletons (D:8)
107 creatures vanquished.

Vanquished Creatures (others)
  An unseen horror (D:12)
  A fungus (D:8)
2 creatures vanquished.

Grand Total: 109 creatures vanquished

Notes
Turn   | Place    | Note
-------+----------+-------------------------------------------
     0 | D:1      | 4thArraOfDagon the Human Berserker began the quest for the Orb.
     0 | D:1      | Reached XP level 1. HP: 18/18 MP: 1/1
   392 | D:1      | Reached XP level 2. HP: 24/24 MP: 2/2
   612 | D:3      | Found a faded altar of an unknown god.
   666 | D:4      | Reached XP level 3. HP: 29/29 MP: 3/3
   742 | D:5      | Entered Level 5 of the Dungeon
   908 | D:6      | Noticed a bullfrog
   913 | D:6      | Killed a bullfrog
   913 | D:6      | Reached XP level 4. HP: 37/37 MP: 4/4
   913 | D:6      | Reached XP level 5. HP: 42/42 MP: 5/5
   961 | D:5      | Reached skill level 4 in Axes
   973 | D:5      | Reached XP level 6. HP: 34/48 MP: 6/6
  1080 | D:6      | Reached ** piety under Trog
  1175 | D:8      | Reached skill level 1 in Evocations
  1192 | D:8      | Noticed a hornet
  1196 | D:8      | Killed a hornet
  1196 | D:8      | Reached skill level 5 in Axes
  1196 | D:8      | Reached XP level 7. HP: 39/54 MP: 6/8
  1241 | D:8      | Noticed a basilisk
  1251 | D:8      | Reached XP level 8. HP: 28/60 MP: 9/9
  1251 | D:8      | Reached skill level 6 in Axes
  1252 | D:8      | Killed a basilisk
  1428 | D:9      | Noticed a centaur warrior
  1441 | D:9      | Killed a centaur warrior
  1441 | D:9      | Reached skill level 7 in Axes
  1441 | D:9      | Reached skill level 5 in Armour
  1441 | D:9      | Reached skill level 5 in Dodging
  1441 | D:9      | Reached XP level 9. HP: 65/65 MP: 10/12
  1506 | D:10     | Entered Level 10 of the Dungeon
  1564 | D:13     | Reached skill level 8 in Axes
  1596 | D:12     | Noticed a manticore
  1723 | D:13     | Noticed a brown ugly thing
  1738 | D:13     | Killed a brown ugly thing
  1738 | D:13     | Reached skill level 5 in Evocations
  1738 | D:13     | Reached XP level 10. HP: 71/71 MP: 13/13
  1743 | D:13     | Reached skill level 9 in Axes
  1746 | D:13     | Gained mutation: Your muscles are strong. (Str +2) [mutagenic meat]
  1804 | D:12     | Killed an unseen horror
  2039 | D:14     | Killed an unseen horror
  2039 | D:14     | Reached skill level 10 in Axes
  2079 | D:14     | Noticed an enchanted long sword
  2161 | D:11     | Reached XP level 11. HP: 77/77 MP: 7/15
  2254 | D:12     | Killed a manticore
  2490 | D:10     | Reached skill level 11 in Axes
  2600 | D:10     | Noticed a phantasmal warrior
  2604 | D:10     | Noticed a death knight
  2618 | D:10     | Mangled by a phantasmal warrior

Vault maps used:
D:1:      dpeg_arrival_rhombi, patterned_corridor
D:2:      chequers_temple_overflow_statue_of_worship, bloody_makhleb
D:3:      chequers_ecumenical_altar_simple_redux
D:4:      minmay_temple_entry_enclosed_plants, first_bread
D:5:      cheibrodos_quashed, uniq_eustachio
D:6:      gammafunk_temple_overflow_pools
D:7:      grunt_livestock, minmay_misc_feat_nine_boxes, minmay_parallelograms,
          roderic_greek_sauvastika, uniq_menkaure
D:8:      minmay_lair_entry_grove, serial_shops, kennysheep_mini,
          bh_walls_and_bars
D:9:      minmay_bloctagon_deflated, orc_0_dummy, bloody_trog
D:11:     kennysheep_generic_room_9
D:12:     serial_glass, glass_columns_b, glass_columns_a
D:14:     erik_vaults_1

Skill      XL: |  1  2  3  4  5  6  7  8  9 10 11 |
---------------+----------------------------------+-----
Armour         | 3 4 5 6 7 8 |  8.1
Axes           | 4 5 7 8 10 11 | 11.2
Dodging        | 3 4 5 6 7 8 |  8.0
Fighting       | 4 |  4.0
Evocations     | 1 2 4 5 6 7 |  7.0

Action                   |  1- 3 |  4- 6 |  7- 9 | 10-12 || total
-------------------------+-------+-------+-------+-------++-------
Melee: Hand axe          |    53 |    54 |    75 |   227 ||   409
Invok: Berserk           |     2 |     3 |     4 |     8 ||    17
       Trog's Hand       |       |       |     2 |    10 ||    12
Evoke: Wand              |       |     1 |     9 |    10 ||    20
  Use: Scroll            |       |     2 |     2 |     1 ||     5
 Stab: Confused          |       |       |       |     1 ||     1
  Eat: Royal jelly       |       |     2 |       |       ||     2
       Chunk             |       |     1 |     5 |     9 ||    15
       Bread ration      |       |       |     1 |       ||     1
       Fruit             |       |       |       |     4 ||     4
Armor: Scale mail        |    30 |    23 |     8 |       ||    61
       Animal skin       |     3 |       |       |       ||     3
       Plate armour      |       |       |    42 |   137 ||   179
Dodge: Dodged            |    45 |    31 |    25 |   100 ||   201
